TOP OF THE 1ST |
Bluefield Blue Jays batting - Pitching for Baltimore (APP) Orioles : RHP Steve Webb
|
Pitching: RHP Steve Webb
|
|
Batting: RHB Jose Ontiveros
|
0-0: Ball 1-0: Ball 2-0: Called Strike 2-1: Ball 3-1: Foul Ball, location: 2F 3-2: Base on Balls
|
Batting: RHB John Hering
|
0-0: Swinging Strike 0-1: Ball 1-1: Ball 2-1: Ball 3-1: Foul Ball, location: 2F 3-2: Grounds into double play, 6-4-3 (Groundball, 6, EV 92.5 MPH)
|
Batting: SHB Jack Andrews
|
0-0: Ball 1-0: Foul Ball, location: 2F 1-1: Swinging Strike 1-2: Strikes out looking
|
Top of the 1st over - 0 runs, 0 hits, 0 errors, 0 left on base; Bluefield 0 - Baltimore (APP) 0 |
BOTTOM OF THE 1ST |
Baltimore (APP) Orioles batting - Pitching for Bluefield Blue Jays : LHP Jon Moore
|
Pitching: LHP Jon Moore
|
|
Batting: LHB Eric Jackson
|
0-0: Ball 1-0: Ground out 1-3 (Groundball, 13S, EV 68.8 MPH)
|
Batting: RHB Mike Zepeda
|
0-0: Fly out, F6 (Line Drive, 6, EV 74.4 MPH)
|
Batting: RHB J.J. Basil
|
0-0: Called Strike 0-1: Foul Ball, location: 2F 0-2: Ball 1-2: Strikes out swinging
|
Bottom of the 1st over - 0 runs, 0 hits, 0 errors, 0 left on base; Bluefield 0 - Baltimore (APP) 0 |
TOP OF THE 2ND |
Bluefield Blue Jays batting - Pitching for Baltimore (APP) Orioles : RHP Steve Webb
|
Batting: SHB Ryan Chicoine
|
0-0: Swinging Strike 0-1: Ball 1-1: Foul Ball, location: 2F 1-2: Ball 2-2: Ball 3-2: Base on Balls
|
Batting: LHB Eddie Muniz
|
0-0: Ball Ryan Chicoine is caught stealing 2nd base 2-6 1-0: Swinging Strike 1-1: Called Strike 1-2: Ball 2-2: Ball 3-2: SINGLE (Groundball, 4MD, EV 101.9 MPH)
|
Batting: RHB Mike Johnson
|
0-0: Ball Eddie Muniz steals 2nd base 1-0: Ball 2-0: DOUBLE (Line Drive, 9LM, EV 103.8 MPH) Eddie Muniz scores
|
Batting: RHB Chris Martin
|
0-0: Foul Ball, location: 2F 0-1: Foul Ball, location: 2F 0-2: Ball 1-2: Ball 2-2: Ground out 4-3 (Groundball, 4, EV 83.1 MPH) Mike Johnson to third
|
Batting: RHB Jose Molina
|
0-0: Called Strike 0-1: Foul Ball, location: 2F 0-2: Ball 1-2: Reached via error on a dropped throw from P, E3 (Groundball, P, EV 70.6 MPH) Mike Johnson scores
|
Batting: RHB Ed Swafford
|
0-0: Ball 1-0: Ball 2-0: Called Strike 2-1: Called Strike 2-2: Foul Ball, location: 2F 2-2: Strikes out looking
|
Top of the 2nd over - 2 runs, 2 hits, 1 error, 1 left on base; Bluefield 2 - Baltimore (APP) 0 |
BOTTOM OF THE 2ND |
Baltimore (APP) Orioles batting - Pitching for Bluefield Blue Jays : LHP Jon Moore
|
Batting: RHB Jeremy Sipe
|
0-0: Ball 1-0: Foul Ball, location: 2F 1-1: Hit by Pitch
|
Batting: LHB Bill Ostlund
|
0-0: Ball 1-0: Ball 2-0: Called Strike 2-1: Ball 3-1: Called Strike 3-2: Fly out, F9 (Flyball, 9LM, EV 82.5 MPH)
|
Batting: RHB Fernando Bravo
|
0-0: Ball 1-0: Called Strike 1-1: Swinging Strike 1-2: Foul Ball, location: 2F 1-2: Foul Ball, location: 2F 1-2: Foul Ball, location: 2F 1-2: Ball 2-2: Ball 3-2: Base on Balls Jeremy Sipe to second
|
Batting: LHB Justin Alworth
|
0-0: DOUBLE (Flyball, 89XD, EV 92.5 MPH) Jeremy Sipe scores Fernando Bravo to third Runner from 3rd tries for Home, throw by RF and OUT! 9-4-2
|
Batting: RHB Ryan Vest
|
0-0: Foul Ball, location: 2F 0-1: Ground out 4-3 (Groundball, 4, EV 78.8 MPH)
|
Bottom of the 2nd over - 1 run, 1 hit, 0 errors, 1 left on base; Bluefield 2 - Baltimore (APP) 1 |
TOP OF THE 3RD |
Bluefield Blue Jays batting - Pitching for Baltimore (APP) Orioles : RHP Steve Webb
|
Batting: RHB Jose Ontiveros
|
0-0: Ball 1-0: Ball 2-0: Foul Ball, location: 2F 2-1: Ball 3-1: Base on Balls
|
Batting: RHB John Hering
|
0-0: Ball Jose Ontiveros steals 2nd base 1-0: Foul Ball, location: 2F 1-1: Ball 2-1: Foul Ball, location: 2F 2-2: Ball 3-2: Foul Ball, location: 2F 3-2: Ground out 6-3 (Groundball, 6, EV 81.3 MPH) Jose Ontiveros to third
|
Batting: SHB Jack Andrews
|
0-0: Called Strike 0-1: Ball 1-1: Swinging Strike 1-2: Foul Ball, location: 2F 1-2: Ground out U3 (Groundball, 34, EV 100.0 MPH) Jose Ontiveros scores
|
Batting: SHB Ryan Chicoine
|
0-0: Ball 1-0: Ball 2-0: Called Strike 2-1: Called Strike 2-2: Ball 3-2: DOUBLE (Flyball, 8RXD, EV 95.6 MPH)
|
Batting: LHB Eddie Muniz
|
0-0: Ball 1-0: Ball 2-0: Ball 3-0: Called Strike 3-1: Base on Balls
|
Batting: RHB Mike Johnson
|
0-0: Called Strike 0-1: Ball 1-1: Ball 2-1: Foul Ball, location: 2F 2-2: Fielders Choice at 2nd, 5-4 (Groundball, 56, EV 85.0 MPH)
|
Top of the 3rd over - 1 run, 1 hit, 0 errors, 2 left on base; Bluefield 3 - Baltimore (APP) 1 |
BOTTOM OF THE 3RD |
Baltimore (APP) Orioles batting - Pitching for Bluefield Blue Jays : LHP Jon Moore
|
Batting: RHB Roberto Sotelo
|
0-0: Ball 1-0: Ball 2-0: Ground out 5-3 (Groundball, 56S, EV 86.3 MPH)
|
Batting: LHB Eric Jackson
|
0-0: Ball 1-0: Ball 2-0: Foul Ball, location: 2F 2-1: Called Strike 2-2: Fly out, F7 (Flyball, 7D, EV 74.4 MPH)
|
Batting: RHB Mike Zepeda
|
0-0: DOUBLE (Line Drive, 7LM, EV 106.9 MPH)
|
Batting: RHB J.J. Basil
|
0-0: Ball 1-0: Foul Ball, location: 2F 1-1: SINGLE (Groundball, 56S, EV 72.5 MPH) (infield hit) Mike Zepeda to third
|
Batting: RHB Jeremy Sipe
|
0-0: Ball 1-0: Fielders Choice at 2nd, U6 (Groundball, 6M, EV 100.6 MPH)
|
Bottom of the 3rd over - 0 runs, 2 hits, 0 errors, 2 left on base; Bluefield 3 - Baltimore (APP) 1 |
TOP OF THE 4TH |
Bluefield Blue Jays batting - Pitching for Baltimore (APP) Orioles : RHP Steve Webb
|
Pitching: RHP Frank Caillouet
|
|
Batting: RHB Chris Martin
|
0-0: Swinging Strike 0-1: Called Strike 0-2: Strikes out swinging
|
Batting: RHB Jose Molina
|
0-0: Called Strike 0-1: Ball 1-1: Ball 2-1: Foul Ball, location: 2F 2-2: Ground out 6-3 (Groundball, 6, EV 77.5 MPH)
|
Batting: RHB Ed Swafford
|
0-0: Called Strike 0-1: Ball 1-1: Foul Ball, location: 2F 1-2: Strikes out swinging
|
Top of the 4th over - 0 runs, 0 hits, 0 errors, 0 left on base; Bluefield 3 - Baltimore (APP) 1 |
BOTTOM OF THE 4TH |
Baltimore (APP) Orioles batting - Pitching for Bluefield Blue Jays : LHP Jon Moore
|
Batting: LHB Bill Ostlund
|
0-0: Ground out 4-3 (Groundball, 4, EV 96.3 MPH)
|
Batting: RHB Fernando Bravo
|
0-0: Ball 1-0: Ground out U3 (Groundball, 3S, EV 70.0 MPH)
|
Batting: LHB Justin Alworth
|
0-0: Ball 1-0: Ball 2-0: Called Strike 2-1: Ground out 5-3 (Groundball, 56, EV 88.1 MPH)
|
Bottom of the 4th over - 0 runs, 0 hits, 0 errors, 0 left on base; Bluefield 3 - Baltimore (APP) 1 |
TOP OF THE 5TH |
Bluefield Blue Jays batting - Pitching for Baltimore (APP) Orioles : RHP Frank Caillouet
|
Batting: RHB Jose Ontiveros
|
0-0: Foul Ball, location: 2F 0-1: Ball 1-1: Called Strike 1-2: Ball 2-2: Foul Ball, location: 2F 2-2: Foul Ball, location: 2F 2-2: Foul Ball, location: 2F 2-2: Ball 3-2: Foul Ball, location: 2F 3-2: Base on Balls
|
Pinch Hitting: LHB Frank Nelson
|
0-0: Ball 1-0: Ball 2-0: Ball 3-0: Called Strike 3-1: Called Strike 3-2: Base on Balls Jose Ontiveros to second
|
Batting: SHB Jack Andrews
|
0-0: Swinging Strike 0-1: Ball 1-1: Foul Ball, location: 2F 1-2: Ball 2-2: Foul Ball, location: 2F 2-2: Ball 3-2: Foul Ball, location: 2F 3-2: Base on Balls Jose Ontiveros to third Frank Nelson to second
|
Batting: SHB Ryan Chicoine
|
0-0: Ball 1-0: Ball 2-0: Foul Ball, location: 2F 2-1: Ball 3-1: Base on Balls Jose Ontiveros scores Frank Nelson to third Jack Andrews to second
|
Pitching: LHP Freddy Gutierrez
|
|
Batting: LHB Eddie Muniz
|
0-0: Called Strike 0-1: Ball 1-1: Ball 2-1: Fly out, F4 (Popup, 4S, EV 83.1 MPH)
|
Batting: RHB Mike Johnson
|
0-0: Fielders Choice at 2nd, 3-6 (Groundball, 3S, EV 82.5 MPH) Frank Nelson scores Jack Andrews to third
|
Batting: RHB Chris Martin
|
0-0: Swinging Strike 0-1: Swinging Strike 0-2: Ball 1-2: Foul Ball, location: 2F 1-2: Ball 2-2: Strikes out swinging
|
Top of the 5th over - 2 runs, 0 hits, 0 errors, 2 left on base; Bluefield 5 - Baltimore (APP) 1 |
BOTTOM OF THE 5TH |
Baltimore (APP) Orioles batting - Pitching for Bluefield Blue Jays : LHP Jon Moore
|
Now at 1B: Braydon Pinsent
|
|
Batting: RHB Ryan Vest
|
0-0: Fly out, F8 (Flyball, 8RD, EV 90.0 MPH)
|
Batting: RHB Roberto Sotelo
|
0-0: Called Strike 0-1: Ball 1-1: DOUBLE (Line Drive, 89XD, EV 108.1 MPH)
|
Batting: LHB Eric Jackson
|
0-0: Foul Ball, location: 2F 0-1: Called Strike 0-2: Ball 1-2: Foul Ball, location: 2F 1-2: Strikes out swinging
|
Batting: RHB Mike Zepeda
|
0-0: Ball Balk! Roberto Sotelo to third 1-0: Ball 2-0: Ball 3-0: Called Strike 3-1: Base on Balls
|
Batting: RHB J.J. Basil
|
0-0: Ball 1-0: Ball 2-0: Called Strike 2-1: Ball 3-1: Foul Ball, location: 2F 3-2: Base on Balls Mike Zepeda to second
|
Batting: RHB Jeremy Sipe
|
0-0: Called Strike 0-1: SINGLE (Line Drive, 56D, EV 96.3 MPH) Roberto Sotelo scores Mike Zepeda to third J.J. Basil to second Throwing error, E7 Mike Zepeda scores J.J. Basil to third Jeremy Sipe to second
|
Batting: LHB Bill Ostlund
|
0-0: Called Strike 0-1: Ball 1-1: Ball 2-1: Ground out 4-3 (Groundball, 13, EV 86.3 MPH)
|
Bottom of the 5th over - 2 runs, 2 hits, 1 error, 2 left on base; Bluefield 5 - Baltimore (APP) 3 |
TOP OF THE 6TH |
Bluefield Blue Jays batting - Pitching for Baltimore (APP) Orioles : LHP Freddy Gutierrez
|
Batting: RHB Jose Molina
|
0-0: Called Strike 0-1: Foul Ball, location: 2F 0-2: Strikes out swinging
|
Batting: RHB Ed Swafford
|
0-0: Called Strike 0-1: Swinging Strike 0-2: Strikes out looking
|
Batting: RHB Jose Ontiveros
|
0-0: Foul Ball, location: 2F 0-1: Swinging Strike 0-2: Strikes out swinging
|
Top of the 6th over - 0 runs, 0 hits, 0 errors, 0 left on base; Bluefield 5 - Baltimore (APP) 3 |
BOTTOM OF THE 6TH |
Baltimore (APP) Orioles batting - Pitching for Bluefield Blue Jays : LHP Jon Moore
|
Pitching: RHP Sergio Valdivia
|
|
Batting: RHB Fernando Bravo
|
0-0: Foul Ball, location: 2F 0-1: Ball 1-1: Called Strike 1-2: Foul Ball, location: 2F 1-2: Ball 2-2: Ball 3-2: Base on Balls
|
Batting: LHB Justin Alworth
|
0-0: Ball 1-0: Swinging Strike 1-1: Foul Ball, location: 2F 1-2: Ball 2-2: Foul Ball, location: 2F 2-2: Strikes out swinging
|
Pinch Hitting: LHB Tomas de Zeeuw
|
0-0: Ball 1-0: Ball 2-0: Ball 3-0: Base on Balls Fernando Bravo to second
|
Batting: RHB Roberto Sotelo
|
0-0: Ball 1-0: Ball 2-0: Foul Ball, location: 2F 2-1: Called Strike 2-2: Grounds into double play, 5-4-3 (Groundball, 56, EV 106.9 MPH)
|
Bottom of the 6th over - 0 runs, 0 hits, 0 errors, 1 left on base; Bluefield 5 - Baltimore (APP) 3 |
TOP OF THE 7TH |
Bluefield Blue Jays batting - Pitching for Baltimore (APP) Orioles : LHP Freddy Gutierrez
|
Pitching: RHP Jon Grason
|
|
Now at 3B: Matt O'Dea
|
|
Batting: RHB Braydon Pinsent
|
0-0: Swinging Strike 0-1: Ball 1-1: Called Strike 1-2: Foul Ball, location: 2F 1-2: Foul Ball, location: 2F 1-2: Strikes out swinging
|
Batting: SHB Jack Andrews
|
0-0: Called Strike 0-1: SINGLE (Groundball, 34S, EV 71.3 MPH) (infield hit)
|
Batting: SHB Ryan Chicoine
|
0-0: Ball Jack Andrews is caught stealing 2nd base 2-6 1-0: Ball 2-0: Called Strike 2-1: Foul Ball, location: 2F 2-2: Ball 3-2: Foul Ball, location: 2F 3-2: Strikes out looking
|
Top of the 7th over - 0 runs, 1 hit, 0 errors, 0 left on base; Bluefield 5 - Baltimore (APP) 3 |
BOTTOM OF THE 7TH |
Baltimore (APP) Orioles batting - Pitching for Bluefield Blue Jays : RHP Sergio Valdivia
|
Batting: LHB Eric Jackson
|
0-0: Called Strike 0-1: Ball 1-1: Swinging Strike 1-2: Strikes out swinging
|
Batting: RHB Mike Zepeda
|
0-0: Ball 1-0: Ball 2-0: Ball 3-0: Called Strike 3-1: DOUBLE (Line Drive, 89D, EV 110.0 MPH)
|
Batting: RHB J.J. Basil
|
0-0: Called Strike 0-1: Swinging Strike 0-2: Strikes out swinging
|
Batting: RHB Jeremy Sipe
|
0-0: Ball 1-0: Foul Ball, location: 2F 1-1: Fly out, F8 (Flyball, 8LM, EV 87.5 MPH)
|
Bottom of the 7th over - 0 runs, 1 hit, 0 errors, 1 left on base; Bluefield 5 - Baltimore (APP) 3 |
TOP OF THE 8TH |
Bluefield Blue Jays batting - Pitching for Baltimore (APP) Orioles : RHP Jon Grason
|
Batting: LHB Eddie Muniz
|
0-0: Ball 1-0: Foul Ball, location: 2F 1-1: Ball 2-1: Called Strike 2-2: Ball 3-2: Strikes out swinging
|
Batting: RHB Mike Johnson
|
0-0: Called Strike 0-1: Foul Ball, location: 2F 0-2: Foul Ball, location: 2F 0-2: Foul Ball, location: 2F 0-2: Ball 1-2: Ball 2-2: SINGLE (Flyball, 5D, EV 92.5 MPH)
|
Batting: RHB Chris Martin
|
0-0: Called Strike 0-1: Ball 1-1: Foul Ball, location: 2F 1-2: Ball Mike Johnson steals 2nd base 2-2: DOUBLE (Line Drive, 78M, EV 91.9 MPH) Mike Johnson scores
|
Batting: RHB Jose Molina
|
0-0: Intentional Walk
|
DELAY
|
Rain delay of 29 minutes in the 8th inning.
|
Batting: RHB Ed Swafford
|
0-0: Called Strike 0-1: Foul Ball, location: 2F 0-2: Ball 1-2: Strikes out swinging
|
Batting: RHB Jose Ontiveros
|
0-0: Called Strike 0-1: Ball 1-1: Ball 2-1: Called Strike 2-2: Foul Ball, location: 2F 2-2: Foul Ball, location: 2F 2-2: Strikes out swinging
|
Top of the 8th over - 1 run, 2 hits, 0 errors, 2 left on base; Bluefield 6 - Baltimore (APP) 3 |
BOTTOM OF THE 8TH |
Baltimore (APP) Orioles batting - Pitching for Bluefield Blue Jays : RHP Sergio Valdivia
|
Pitching: RHP Dave Kurtz
|
|
Batting: LHB Bill Ostlund
|
0-0: Ball 1-0: Ball 2-0: Foul Ball, location: 2F 2-1: Foul Ball, location: 2F 2-2: Ball 3-2: Strikes out swinging
|
Batting: RHB Fernando Bravo
|
0-0: Ball 1-0: DOUBLE (Groundball, 3L, EV 97.5 MPH)
|
Batting: LHB Justin Alworth
|
0-0: Ball 1-0: Ball 2-0: Ball 3-0: Base on Balls
|
Batting: RHB Matt O'Dea
|
0-0: Ball 1-0: Foul Ball, location: 2F 1-1: Swinging Strike 1-2: Strikes out swinging
|
Batting: RHB Roberto Sotelo
|
0-0: Ball 1-0: Ball 2-0: Ball 3-0: Base on Balls Fernando Bravo to third Justin Alworth to second
|
Pitching: LHP Bruce Knight
|
|
Pinch Hitting: RHB Scott Boyd
|
0-0: Ball 1-0: Swinging Strike 1-1: Ball 2-1: Called Strike 2-2: Foul Ball, location: 2F 2-2: Foul Ball, location: 2F 2-2: Fielders Choice at 2nd, 6-4 (Groundball, 6, EV 106.3 MPH)
|
Bottom of the 8th over - 0 runs, 1 hit, 0 errors, 3 left on base; Bluefield 6 - Baltimore (APP) 3 |
TOP OF THE 9TH |
Bluefield Blue Jays batting - Pitching for Baltimore (APP) Orioles : RHP Jon Grason
|
Pitching: RHP Chris Kimura
|
|
Now in CF: Antonio Cantu
|
|
Batting: RHB Braydon Pinsent
|
0-0: Ground out 4-3 (Groundball, 4, EV 98.1 MPH)
|
Batting: SHB Jack Andrews
|
0-0: DOUBLE (Line Drive, 7LD, EV 106.3 MPH)
|
Batting: SHB Ryan Chicoine
|
0-0: Ball 1-0: Foul Ball, location: 2F 1-1: Ball 2-1: Foul Ball, location: 2F 2-2: Ground out U3 (Groundball, 34S, EV 91.3 MPH) Jack Andrews to third
|
Batting: LHB Eddie Muniz
|
0-0: Ball 1-0: Foul Ball, location: 2F 1-1: Swinging Strike 1-2: Foul Ball, location: 2F 1-2: Ball 2-2: Ground out 6-3 (Groundball, 6, EV 87.5 MPH)
|
Top of the 9th over - 0 runs, 1 hit, 0 errors, 1 left on base; Bluefield 6 - Baltimore (APP) 3 |
BOTTOM OF THE 9TH |
Baltimore (APP) Orioles batting - Pitching for Bluefield Blue Jays : LHP Bruce Knight
|
Batting: RHB Mike Zepeda
|
0-0: Ball 1-0: Ball 2-0: Foul Ball, location: 2F 2-1: Foul Ball, location: 2F 2-2: Foul Ball, location: 2F 2-2: Ground out 5-3 (Groundball, 5D, EV 100.0 MPH)
|
Batting: RHB J.J. Basil
|
0-0: Called Strike 0-1: Ball 1-1: Fly out, F9 (Flyball, 9D, EV 102.5 MPH)
|
Batting: RHB Jeremy Sipe
|
0-0: Ball 1-0: Called Strike 1-1: Called Strike 1-2: Strikes out swinging
|
Bottom of the 9th over - 0 runs, 0 hits, 0 errors, 0 left on base; Bluefield 6 - Baltimore (APP) 3 |
|